 Dungeon Crawl Stone Soup version 0.24.0-2-g5b39cebb1c (webtiles) character file.

Game seed: 8634481342688836386, levelgen mode: deterministic

399 Gumption the Vexing (level 6, -4/28 HPs)
             Began as a Spriggan Enchanter on Oct 29, 2019.
             Was a Follower of Yredelemnul.
             Shot with an arrow by a centaur (8 damage)
             ... on level 5 of the Dungeon.
             The game lasted 00:45:13 (6225 turns).

Gumption the Vexing (Spriggan Enchanter)            Turns: 6225, Time: 00:45:13

Health: -4/28      AC:  2    Str:  4    XL:     6   Next: 54%
Magic:  13/13      EV: 18    Int: 18    God:    Yredelemnul [*.....]
Gold:   225        SH:  0    Dex: 17    Spells: 7/13 levels left

rFire    . . .     SeeInvis +   a - +1 dagger
rCold    . . .     Gourm    .   (shield restricted)
rNeg     . . .     Faith    .   b - +0 robe
rPois    .         Spirit   .   (helmet restricted)
rElec    .         Reflect  .   (no cloak)
rCorr    .         Harm     .   (gloves unavailable)
MR       +....                  (boots unavailable)
Stlth    +++.......             (no amulet)
HPRegen  0.09/turn              (no ring)
MPRegen  0.13/turn              (no ring)

@: very quick
A: very small, unfitting armour, see invisible, herbivore, speed 3, slow
metabolism 2
a: Animate Remains, Renounce Religion


You were on level 5 of the Dungeon.
You worshipped Yredelemnul.
Yredelemnul was aware of your devotion.
You were hungry.

You visited 1 branch of the dungeon, and saw 5 of its levels.

You collected 225 gold pieces.

Inventory:

Hand Weapons
 a - a +1 dagger (weapon)
 d - a cursed -3 dagger
 g - a +0 hunting sling
Missiles
 k - 110 stones (quivered)
 n - 6 poisoned darts
 t - a throwing net
 w - 13 sling bullets
Armour
 b - a +0 robe (worn)
Jewellery
 i - an uncursed ring of magical power {unknown}
 p - an uncursed ring of protection from fire {unknown}
 q - an uncursed ring of protection from magic
 u - a +4 ring of evasion {unknown}
Wands
 v - a wand of polymorph (11)
Scrolls
 c - 4 scrolls of teleportation
 e - a scroll of enchant weapon {unknown}
 f - a scroll of amnesia {unknown}
Potions
 h - 3 potions of flight
 j - 3 potions of curing
 l - 3 potions of brilliance
 m - a potion of haste {unknown}
 o - a potion of ambrosia {unknown}
 r - a potion of mutation {unknown}
 s - a potion of resistance {unknown}


   Skills:
 - Level 1.1 Short Blades
 - Level 3.0 Dodging
 - Level 4.4 Stealth
 + Level 4.4 Spellcasting
 * Level 6.4 Hexes
 * Level 3.1 Ice Magic


You had 7 spell levels left.
You knew the following spells:

 Your Spells              Type           Power        Failure   Level  Hunger
a - Ensorcelled Hibernat  Hex/Ice        ###...       3%          2    #......
b - Corona                Hex            ####...      1%          1    None
c - Confuse               Hex            ####....     3%          3    ###....

Your spell library contained the following spells:

 Spells                   Type           Power        Failure   Level  Hunger
 Tukima's Dance           Hex            ####....     3%          3    ###....
 Dazzling Spray           Conj/Hex       ###...       11%         3    ###....


Dungeon Overview and Level Annotations

Branches:
Dungeon (5/15)
 Temple: D:4-7

Altars:
Ashenzari
Cheibriados
Ru
Yredelemnul

Annotations:
D:2 exclusion: ogre


Innate Abilities, Weirdness & Mutations

You are very small and have problems with some larger weapons.
You are too small for most types of armour.
You have supernaturally acute eyesight. (SInv)
You are a herbivore.
You cover ground extremely quickly.
You need to consume almost no food.


Message History

The orc is too close now for your liking.
You climb downwards.
You hear the sound of rushing water.
There is an entrance to a sewer on this level.
Hurry and find it before the portal rusts away! 3 jackals come into view.
Found 19 gold pieces.
There is a stone staircase leading up here.
A centaur comes into view.
A scorpion comes into view.
The centaur shouts!
The centaur wields a +0 shortbow.
The centaur shoots an arrow.
The arrow hits you!
You see here an arrow.
Found 2 scrolls of identify.
The centaur shoots an arrow.
The arrow hits you.
* * * LOW HITPOINT WARNING * * *
You see here an arrow.
The centaur shoots an arrow.
The arrow hits you!
You die...
Your body rises from the dead as a mindless zombie.

#. .. .. .. ###
##.. .###... .s..
....... .....
.......
...#.######.......
#..#..#.#.@.....#
##........##...#
#.......(.# .....
#.....(...##.. .
##............
##.....h.......
#...............
##c.#...........
#...###.......$..


You could see a centaur and a jackal.

Vanquished Creatures
  An ogre (D:4)
  An orc wizard (D:4)
  An orc priest (D:4)
  An iguana (D:4)
  A worker ant (D:4)
  5 adders
  4 gnolls (D:2)
  2 howler monkey skeletons (D:4)
  2 oozes (D:2)
  3 worms
  4 dart slugs
  4 leopard geckos
  7 orcs
  A ball python (D:4)
  2 giant cockroaches (D:3)
  6 goblins
  6 hobgoblins
  2 jackals (D:1)
  3 kobolds
  3 quokkas (D:2)
  A ball python skeleton (D:4)
  10 bats
  6 frilled lizards
  A leopard gecko skeleton (D:4)
  3 rats
80 creatures vanquished.

Notes
Turn   | Place    | Note
-------+----------+-------------------------------------------
     0 | D:1      | Gumption the Spriggan Enchanter began the quest for the
                  | Orb.
     0 | D:1      | Reached XP level 1. HP: 9/9 MP: 5/5
   327 | D:1      | Reached skill level 4 in Hexes
   786 | D:1      | Reached XP level 2. HP: 13/13 MP: 7/7
   790 | D:1      | Learned a level 2 spell: Ensorcelled Hibernation
  1917 | D:2      | Found a shattered altar of Ashenzari.
  2177 | D:2      | Reached XP level 3. HP: 16/16 MP: 5/8
  2182 | D:2      | Learned a level 3 spell: Confuse
  2248 | D:2      | Reached skill level 1 in Ice Magic
  2565 | D:2      | Noticed an ogre
  2845 | D:2      | Found a basalt altar of Yredelemnul.
  2849 | D:2      | Became a worshipper of Yredelemnul the Dark
  3475 | D:1      | Reached XP level 4. HP: 21/21 MP: 7/10
  3517 | D:2      | Reached skill level 5 in Hexes
  4081 | D:3      | Reached XP level 5. HP: 24/24 MP: 2/11
  4376 | D:3      | Found a sacrificial altar of Ru.
  4426 | D:3      | Reached * piety under Yredelemnul
  5655 | D:4      | Reached skill level 6 in Hexes
  5655 | D:4      | Reached XP level 6. HP: 28/28 MP: 8/13
  5684 | D:4      | Found a snail-covered altar of Cheibriados.
  6213 | D:5      | Entered Level 5 of the Dungeon
  6225 | D:5      | Shot with an arrow by a centaur

Levels and vault maps discovered:
D:1:      minmay_arrival_up_and_down, layout_loops_cross
D:2:      layout_loops_ring, ashenzari_conservatory_becter, marbit_many_paths,
          first_ration, minmay_misc_feat_enclosed
D:3:      layout_basic, nicolae_ru_sacrificial_ziggurat
D:4:      layout_basic, kennysheep_mini_moat
D:5:      layout_cave_pools, minitemple, minmay_temple_entry_statues_pillars,
          portal_sewer_entry_e

Skill      XL: |  1  2  3  4  5  6 |
---------------+-------------------+-----
Hexes          | 4 5 6 |  6.4
Spellcasting   | 3 4 |  4.4
Ice Magic      | 1 2 3 |  3.1
Short Blades   | |  1.1
Dodging        | |  3.0
Stealth        | |  4.4

Action                   |  1- 3 |  4- 6 || total
-------------------------+-------+-------++-------
Melee: Dagger            |    49 |    72 ||   121
 Cast: Corona            |     5 |       ||     5
       Ensorcelled Hiber |    48 |    46 ||    94
       Confuse           |       |     7 ||     7
  Use: Scroll            |       |     4 ||     4
 Stab: Sleeping          |    30 |    44 ||    74
       Confused          |       |     4 ||     4
  Eat: Ration            |     1 |     2 ||     3
Armor: Robe              |     7 |     2 ||     9
Dodge: Dodged            |    51 |    49 ||   100
